 Dungeon Crawl Stone Soup version 0.28.0-45-g0d030f2227 (webtiles) character file.

Game seed: 6145749784444218271

1224 101zpm the Magician (level 8, 0/51 HPs)
             Began as a Djinni Ice Elementalist on Apr 14, 2022.
             Slain by a killer bee zombie (3 damage)
             ... on level 5 of the Dungeon.
             The game lasted 00:25:08 (9496 turns).

101zpm the Magician (Djinni Ice Elementalist)       Turns: 9496, Time: 00:25:09

Health: 0/51       AC: 12    Str:  7    XL:     8   Next: 76%
Gold:   172        EV: 12    Int: 20    God:
                   SH:  0    Dex: 13

rFire   + + .      SeeInvis .   l - +4 club
rCold   x . .      Faith    .   (no shield)
rNeg    . . .      Spirit   .   a - +0 robe
rPois   ∞          Reflect  .   h - +2 hat
rElec   .          Harm     .   (no cloak)
rCorr   .          Rampage  .   (no gloves)
Will    +....                   (boots unavailable)
Stlth   ++........              (no amulet)
HPRegen 0.17/turn               o - ring of willpower
MPRegen 0.00/turn               (no ring)

@: ice-armoured, flying
A: sickness immunity, fire resistance 2, cold vulnerability 1, float, innate
caster, HP casting, extra vitality 1
a: no special abilities


You were on level 5 of the Dungeon.
You visited 1 branch of the dungeon, and saw 5 of its levels.

You collected 172 gold pieces.

Inventory:

Hand Weapons
 l - a +4 club (weapon)
 x - a +0 flail of protection
Missiles
 d - 2 throwing nets
 p - 132 stones
Armour
 a - a +0 robe (worn)
 h - a +2 hat (worn)
Magical Staves
 z - a staff of earth
Jewellery
 o - a ring of willpower (left hand)
Wands
 k - a wand of flame (29)
 A - a wand of iceblast (9)
Scrolls
 c - 3 scrolls of enchant weapon
 f - 2 scrolls of identify {unknown}
 i - 2 scrolls of fear {unknown}
 j - 3 scrolls of enchant armour {unknown}
 m - a scroll of brand weapon {unknown}
 u - a scroll of fog {unknown}
 y - a scroll of blinking {unknown}
 B - a scroll of teleportation {unknown}
 D - a scroll of magic mapping {unknown}
Potions
 b - a potion of mutation {unknown}
 e - a potion of attraction {unknown}
 g - a potion of invisibility {unknown}
 n - 2 potions of might {unknown}
 q - 2 potions of heal wounds {unknown}
 r - 2 potions of ambrosia {unknown}
 s - a potion of curing
 t - 2 potions of flight {unknown}
 v - a potion of degeneration {unknown}
 w - a potion of brilliance {unknown}
 C - a potion of lignification {unknown}


   Skills:
 + Level 0.9 Fighting
 + Level 0.2 Maces & Flails
 + Level 3.0 Dodging
 + Level 2.6 Stealth
 + Level 7.9 Spellcasting


You had 5 spell levels left.
You knew the following spells:

 Your Spells              Type           Power      Damage    Failure   Level
a - Freeze                Ice            100%       1d11      1%          1
b - Frozen Ramparts       Ice            78%        1d9       1%          3
c - Ozocubu's Armour      Ice            39%        N/A       1%          3
d - Hailstorm             Conj/Ice       39%        3d9       3%          4
e - Slow                  Hex            100%       N/A       1%          1
f - Ensorcelled Hibernat  Hex/Ice        78%        N/A       1%          2
g - Mephitic Cloud        Conj/Pois/Air  39%        N/A       1%          3
Your spell library was empty.

Dungeon Overview and Level Annotations

Branches:
Dungeon (5/15)
 Temple: D:4-7

Altars:
Ashenzari
Dithmenos
Kikubaaqudgha
Nemelex Xobeh
Okawaru
Yredelemnul
The Shining One


Innate Abilities, Weirdness & Mutations

You are immune to sickness and miasma.
You are immune to poison.
Your flesh is very heat resistant. (rF++)
You are vulnerable to cold. (rC-)
You float through the air rather than walking.
You learn spells naturally, not from books.
Your magical power is your life essence.
You have superior vitality. (+4 MHP)


Message History

Press: ? - help, Dir - look around, f - activate The walls around you are covered in ice.
* * * LOW HITPOINT WARNING * * *
The killer bee zombie resists.
The wall freezes the killer bee zombie.
The killer bee zombie closely misses you.
The killer bee zombie resists.
The wall freezes the killer bee zombie.
The killer bee zombie hits you but does no damage.
The killer bee zombie resists.
The wall freezes the killer bee zombie.
The killer bee zombie closely misses you.
The killer bee zombie completely resists.
The wall freezes the killer bee zombie but does no damage.
The killer bee zombie hits you but does no damage.
The killer bee zombie completely resists.
The wall freezes the killer bee zombie but does no damage.
The killer bee zombie barely misses you.
The killer bee zombie resists.
The wall freezes the killer bee zombie.
The killer bee zombie hits you.
* * * LOW HITPOINT WARNING * * *
As you read the scroll labelled MENEZA JUCRYB, it crumbles to dust.
It is a scroll of enchant weapon.
Your +3 club glows red for a moment.
The killer bee zombie completely resists.
The wall freezes the killer bee zombie but does no damage.
The killer bee zombie hits you.
* * * LOW HITPOINT WARNING * * *
You hit the killer bee zombie.
The killer bee zombie is severely damaged.
The killer bee zombie resists.
The wall freezes the killer bee zombie.
The killer bee zombie barely misses you.
The killer bee zombie resists.
The wall freezes the killer bee zombie.
The killer bee zombie hits you.
* * * LOW HITPOINT WARNING * * *
You hit the killer bee zombie.
The killer bee zombie is almost destroyed.
The killer bee zombie resists.
The wall freezes the killer bee zombie.
The killer bee zombie hits you but does no damage.
You barely miss the killer bee zombie.
The killer bee zombie is almost destroyed.
The frozen ramparts melt away.
The killer bee zombie hits you.
You die...

#.# #.#
......# #)#
..... #.#
..... #.# ...
######.# ...
#......# #.#
#......# #Z#
#..[...# #@#
#......# #.#
######.# #.#
#.#########.#
#...........#
#############


You could see a killer bee zombie (slow).

Vanquished Creatures
  Sigmund (D:3)
  Eustachio (D:5)
  Edmund (D:5)
  A water moccasin (D:5)
  A necrophage (D:4)
  3 ogres (D:5)
  A lemure (D:5)
  A scorpion (D:4)
  A bullfrog skeleton (D:3)
  A hound (D:5)
  A centaur skeleton (D:5)
  3 iguanas (D:5)
  Ijyb (D:3)
  Robin (D:3)
  An adder (D:2)
  A worm (D:3)
  5 dart slugs
  6 orcs
  10 endoplasms
  2 giant cockroaches
  15 goblins
  11 hobgoblins
  3 quokkas (D:1)
  4 ball pythons
  8 bats
  2 frilled lizards
  6 kobolds
  2 rats (D:2)
94 creatures vanquished.

Notes
Turn   | Place    | Note
-------+----------+-------------------------------------------
     0 | D:1      | 101zpm the Djinni Ice Elementalist began the quest for the
                  | Orb.
     0 | D:1      | Reached XP level 1. HP: 15/15 MP: 0/0
   547 | D:3      | Noticed Robin
   579 | D:2      | Reached XP level 2. HP: 18/21 MP: 0/0
  1079 | D:2      | Reached XP level 3. HP: 16/25 MP: 0/0
  1079 | D:2      | Learned a level 1 spell: Slow
  1380 | D:2      | Found a faded altar of an unknown god.
  1425 | D:2      | Reached skill level 4 in Spellcasting
  1860 | D:3      | Noticed Ijyb
  1871 | D:3      | Killed Ijyb
  1872 | D:3      | Reached XP level 4. HP: 16/31 MP: 0/0
  1925 | D:3      | Noticed Sigmund
  2403 | D:3      | Killed Robin
  3319 | D:1      | Reached XP level 5. HP: 33/35 MP: 0/0
  3319 | D:1      | Learned a level 2 spell: Ensorcelled Hibernation
  5762 | D:3      | Found an iron altar of Okawaru.
  5762 | D:3      | Found a glowing golden altar of the Shining One.
  5817 | D:3      | Found a broken altar of Ashenzari.
  5870 | D:5      | Entered Level 5 of the Dungeon
  6136 | D:5      | Noticed Edmund
  6145 | D:5      | Killed Edmund
  6146 | D:5      | Reached skill level 5 in Spellcasting
  6146 | D:5      | Reached XP level 6. HP: 6/40 MP: 0/0
  6421 | D:5      | Noticed a water moccasin
  6425 | D:5      | Killed a water moccasin
  6426 | D:5      | Reached XP level 7. HP: 32/46 MP: 0/0
  6426 | D:5      | Learned a level 3 spell: Mephitic Cloud
  6455 | D:5      | Reached skill level 6 in Spellcasting
  6575 | D:5      | Noticed Eustachio
  6583 | D:5      | Killed Eustachio
  6792 | D:5      | Found a sparkling altar of Nemelex Xobeh.
  6908 | D:4      | Reached XP level 8. HP: 38/51 MP: 0/0
  7134 | D:4      | Reached skill level 7 in Spellcasting
  7898 | D:3      | Found a shadowy altar of Dithmenos.
  7903 | D:3      | Found a basalt altar of Yredelemnul.
  8031 | D:3      | Killed Sigmund
  9496 | D:5      | Slain by a killer bee zombie

Illustrated notes

Levels and vault maps discovered:
D:1:      dpeg_arrival_rooms_with_view, layout_basic, minmay_split_cup_large
D:2:      minmay_skewed_foursquare, layout_basic,
          shapermc_ecumenical_altar_venn, grunt_ministairs_1
D:3:      layout_basic, ashenzari_conservatory_becter,
          nicolae_overflow_quartered_altars, uniq_ijyb, uniq_robin, uniq_sigmund
D:4:      layout_gridville
D:5:      layout_basic, mainiacjoe_overflow_catwalk_spiral, uniq_pikel,
          uniq_eustachio, uniq_edmund, uniq_prince_ribbit1, uniq_grinder,
          uniq_menkaure

Skill      XL: |  1  2  3  4  5  6  7  8 |
---------------+-------------------------+-----
Spellcasting   | 4 5 6 7 |  7.9
Stealth        | 2 |  2.6
Dodging        | 3 |  3.0
Fighting       | |  0.9
Maces & Flails | |  0.2

Action                   |  1- 3 |  4- 6 |  7- 9 || total
-------------------------+-------+-------+-------++-------
Melee: Club              |       |     1 |     7 ||     8
 Cast: Freeze            |    46 |    38 |    39 ||   123
       Slow              |     7 |    19 |    20 ||    46
       Frozen Ramparts   |     1 |    30 |    27 ||    58
       Ozocubu's Armour  |       |     6 |     7 ||    13
       Ensorcelled Hiber |       |    14 |     9 ||    23
       Mephitic Cloud    |       |       |     6 ||     6
  Use: Scroll            |       |       |     1 ||     1
Armor: Robe              |     7 |    10 |    17 ||    34
Dodge: Dodged            |    35 |    24 |    44 ||   103
